cohdb
Replays
Latest Replays
All Replays
Popular Replays
Top Player Replays
Match Explorer
How It Works
Community
CoH3 Stats
Reddit
Sign in to upload your games and track your stats! →
Sign in with Steam
Match 42892376
Unlisted
Match 42892376
Overview
Messages
Build Orders
End
Selects Armored Battlegroup
Selects Assault Engineers
Assault Engineer Squad
Assault Engineer Squad
Construct Weapon Support Center
M1919 Machine Gun Team
Assault Engineer Squad
Infantry Support Center
Selects Fast Deploy
M3 Armored Personnel Carrier
M3 Armored Personnel Carrier
Construct Medical Station
Selects M8 Scott SPG
Bazooka Squad
Captain Retinue
Bazooka Squad
Selects UNKNOWN (2160077)
Construct Tank Depot
Construct Tank Depot
Selects UNKNOWN (2160077)
M4A3E8 Sherman Easy Eight
Selects Field Repairs
.30 cal Machine Gun
Selects War Machine
M4A3E8 Sherman Easy Eight
Bazooka Squad
Bazooka Squad
Field Repairs
M4A3E8 Sherman Easy Eight
GermanSchteel
Cylar
JVM
Danongames
Rhysong
SaberNeir
King
MothMan
0
0
Comments
sign in to comment!
No comments posted yet!